 Dungeon Crawl Stone Soup version 0.26.1-10-gdfb7c7de75 (webtiles) character file.

Game seed: 17932553939789275125

25 Chiseanne the Magician (level 2, 0/19 HPs)
             Began as a Demonspawn Hedge Wizard on Apr 5, 2021.
             Slain by a jackal (2 damage)
             ... on level 2 of the Dungeon.
             The game lasted 00:01:09 (1281 turns).

Chiseanne the Magician (Demonspawn Hedge Wizard)    Turns: 1281, Time: 00:01:10

Health: 0/19       AC:  2    Str: 10    XL:     2   Next: 86%
Magic:  0/6        EV: 12    Int: 15    God:
Gold:   14         SH:  0    Dex: 12    Spells: 7/8 levels left

rFire    . . .     SeeInvis .   a - +0 short sword
rCold    . . .     Faith    .   (no shield)
rNeg     . . .     Spirit   .   b - +0 robe
rPois    .         Reflect  .   c - +0 hat
rElec    .         Harm     .   (no cloak)
rCorr    .         Rampage  .   (no gloves)
Will     .....                  (no boots)
Stlth    ++........             (no amulet)
HPRegen  0.06/turn              (no ring)
MPRegen  0.10/turn              (no ring)

@: no status effects
A: spiny 1
a: no special abilities


You were on level 2 of the Dungeon.
You visited 1 branch of the dungeon, and saw 2 of its levels.

You collected 14 gold pieces.

Inventory:

Hand Weapons
 a - a +0 short sword (weapon)
Missiles
 d - 12 sling bullets
 k - 24 arrows
 l - 16 stones
 m - 14 poisoned darts
Armour
 b - a +0 robe (worn)
 c - a +0 hat (worn)
Jewellery
 f - an uncursed ring of protection from fire {unknown}
 j - an uncursed ring of protection from cold {unknown}
Scrolls
 i - 2 scrolls of identify {unknown}
 n - a scroll of noise {unknown}
 o - a scroll of remove curse {unknown}
Potions
 e - 2 potions of brilliance {unknown}
 g - a potion of mutation {unknown}
 h - a potion of curing {unknown}


   Skills:
 - Level 1.7 Dodging
 - Level 1.7 Stealth
 * Level 3.5 Spellcasting
 * Level 2.1 Conjurations
 - Level 1.0 Summonings
 - Level 0.8 Translocations


You had 7 spell levels left.
You knew the following spells:

 Your Spells              Type           Power        Failure   Level
a - Magic Dart            Conj           36%          8%          1

Your spell library contained the following spells:

 Spells                   Type           Power        Failure   Level
 Call Imp                 Summ           5%           19%         2
 Blink                    Tloc           N/A          21%         2
 Slow                     Hex            2%           28%         2
 Conjure Flame            Conj/Fire      5%           36%         3
 Mephitic Cloud           Conj/Pois/Air  4%           38%         3


Dungeon Overview and Level Annotations

Branches:
Dungeon (2/15)

Altars:
Nemelex Xobeh


Innate Abilities, Weirdness & Mutations

You are partially covered in sharp spines.


Message History

You are too injured to fight recklessly!
You are too injured to fight recklessly!
You are too injured to fight recklessly!
You are too injured to fight recklessly!
You are too injured to fight recklessly!
You are too injured to fight recklessly!
You are too injured to fight recklessly!
You are too injured to fight recklessly!
You are too injured to fight recklessly!
The jackal bites you.
* * * LOW HITPOINT WARNING * * *
Casting: Magic Dart (safe; 8% risk of failure)
Confirm with . or Enter, or press ? or * to list all spells.
Aiming: Magic Dart (safe; 8% risk of failure)
Press: ? - help, Shift-Dir - straight line, f - jackal
Aim: a jackal (severely wounded, 0% to evade)
The magic dart hits the jackal but does no damage.
The jackal is severely wounded.
The jackal bites you.
You die...

# .# ##.##
############...###
......†hh@........
######.###.#...###
#. #.##.## #.
#.##.# #.
#.##.##### #.
#........# ..
####.###.# # #.
#.# #.# .## #.#
#.###...##


You could see 2 jackals.

Vanquished Creatures
  A ball python (D:1)
  5 bats (D:1)
  A giant cockroach (D:2)
  7 goblins (D:1)
  3 jackals
  A frilled lizard (D:1)
  4 kobolds (D:1)
  A rat (D:2)
23 creatures vanquished.

Notes
Turn   | Place    | Note
-------+----------+-------------------------------------------
     0 | D:1      | Chiseanne the Demonspawn Hedge Wizard began the quest for
                  | the Orb.
     0 | D:1      | Reached XP level 1. HP: 13/13 MP: 4/4
   313 | D:1      | Gained mutation: You are partially covered in sharp spines.
                  | [demonic ancestry]
   313 | D:1      | Reached XP level 2. HP: 19/19 MP: 4/6
  1095 | D:1      | Found a sparkling altar of Nemelex Xobeh.
  1281 | D:2      | Slain by a jackal

Illustrated notes

Levels and vault maps discovered:
D:1:      dpeg_arrival_line_fractal, layout_rooms, nemelex_altar_shiori
D:2:      layout_loops_ring

Skill      XL: |  1  2 |
---------------+-------+-----
Conjurations   | 2 |  2.1
Dodging        | |  1.7
Stealth        | |  1.7
Spellcasting   | |  3.5
Summonings     | |  1.0
Translocations | |  0.8

Action                   || total
-------------------------++-------
Melee: Short sword       ||    29
 Cast: Magic Dart        ||    41
Armor: Robe              ||    14
Dodge: Dodged            ||    33
